General information
			
			
        
        - name: BNet
 
        - type: Ladder team game (AT/RT)
 
        - host: Battle.net
 
        - saver: ask.me.anything
 
        
map: TurtleRock 
        - players: 4
 
        - length: 24:12
 
        - speed: Fast
 - version: 1.22 W3XP
 - replay type:  Public
 
» download(153 KB)
Players
        team 1 (winner) 
              
              
ask.me.anything (
teal | 79 APM | 1907 actions | 24:12)
              
 6 Paladin 
 3 Holy Light
 1 Divine Shield
 1 Devotion Aura
 1 Resurrection
 4 Mountain King 
 2 Storm Bolt
 2 Bash
 
                » actions 
                
                | Assign group hotkey | 43 |  | 
| Basic commands | 37 |  | 
| Build / train | 85 |  | 
| ESC pressed | 3 |  | 
| Enter build submenu | 23 |  | 
| Enter hero's abilities submenu | 11 |  | 
| Give item / drop item | 1 |  | 
| Right click | 1006 |  | 
| Select / deselect | 391 |  | 
| Select group hotkey | 210 |  | 
| Use ability | 97 |  | 
                1907 total
 » units 
                
                | Peasant | 16 |  | 
| Rifleman | 20 |  | 
| Sorceress | 6 |  | 
| Priest | 4 |  | 
                46 total
 » upgrades
                
                | Masonry | 2 |  | 
| Defend | 2 |  | 
| Long Rifles | 1 |  | 
| Sorceress Training | 1 |  | 
                6 total
 » buildings
                
                | Altar of Kings | 1 |  | 
| Farm | 10 |  | 
| Blacksmith | 1 |  | 
| Barracks | 1 |  | 
| Scout Tower | 2 |  | 
| Lumber Mill | 1 |  | 
| Guard Tower | 4 |  | 
| Keep | 1 |  | 
| Arcane Vault | 1 |  | 
| Arcane Sanctum | 1 |  | 
| Castle | 1 |  | 
| Town Hall | 1 |  | 
                25 total
 » build order
                00:10 Altar of Kings
00:24 Farm
00:29 Blacksmith
01:38 Barracks
02:02 Farm
02:06 Scout Tower
02:10 Scout Tower
02:22 Lumber Mill
03:00 Farm
03:09 Guard Tower
03:26 Guard Tower
06:06 Keep
07:07 Farm
07:08 Farm
07:23 Arcane Vault
08:08 Farm
08:09 Farm
10:24 Arcane Sanctum
12:09 Castle
12:13 Farm
12:14 Farm
13:54 Farm
17:10 Guard Tower
17:42 Guard Tower
23:21 Town Hall
» items
                
                | Healing Salve | 2 |  | 
| Lesser Clarity Potion | 1 |  | 
| Scroll of Town Portal | 2 |  | 
| Scroll of Healing | 2 |  | 
| Periapt of Vitality | 1 |  | 
| Ivory Tower | 3 |  | 
| Orb of Fire | 1 |  | 
| Staff of Sanctuary | 1 |  | 
                13 total
  
               
              
              
Kobe-Zen (
pink | 116 APM | 2806 actions | 24:11)
              
 7 Tauren Chieftain 
 3 War Stomp
 3 Endurance Aura
 1 Reincarnation
 
                » actions 
                
                | Assign group hotkey | 38 |  | 
| Basic commands | 33 |  | 
| Build / train | 104 |  | 
| ESC pressed | 5 |  | 
| Enter build submenu | 19 |  | 
| Enter hero's abilities submenu | 7 |  | 
| Give item / drop item | 2 |  | 
| Right click | 1565 |  | 
| Select / deselect | 461 |  | 
| Select group hotkey | 372 |  | 
| Use ability | 200 |  | 
                2806 total
 » units 
                
                | Peon | 30 |  | 
| Grunt | 15 |  | 
| Spirit Walker | 4 |  | 
| Tauren | 6 |  | 
| Troll Batrider | 7 |  | 
                62 total
 » upgrades
                
                | Spiked Barricades | 1 |  | 
| Berserker Strength | 1 |  | 
| Spirit Walker Training | 2 |  | 
| Pulverize | 1 |  | 
| Reinforced Defenses | 1 |  | 
                6 total
 » buildings
                
                | Altar of Storms | 1 |  | 
| Orc Burrow | 5 |  | 
| Barracks | 2 |  | 
| Voodoo Lounge | 1 |  | 
| War Mill | 1 |  | 
| Watch Tower | 3 |  | 
| Stronghold | 2 |  | 
| Spirit Lodge | 1 |  | 
| Fortress | 2 |  | 
| Great Hall | 1 |  | 
| Tauren Totem | 2 |  | 
| Beastiary | 1 |  | 
                22 total
 » build order
                00:03 Altar of Storms
00:12 Orc Burrow
00:33 Barracks
01:34 Orc Burrow
01:52 Voodoo Lounge
02:25 War Mill
03:04 Orc Burrow
03:44 Watch Tower
03:55 Watch Tower
04:56 Barracks
06:38 Stronghold
06:38 Stronghold
07:08 Orc Burrow
08:12 Orc Burrow
09:34 Spirit Lodge
10:06 Fortress
13:46 Great Hall
13:49 Tauren Totem
16:23 Tauren Totem
18:01 Watch Tower
18:33 Beastiary
» items
                
                | Healing Salve | 4 |  | 
| Lesser Clarity Potion | 4 |  | 
| Scroll of Speed | 1 |  | 
| Potion of Healing | 1 |  | 
| Potion of Mana | 1 |  | 
| Scroll of Town Portal | 1 |  | 
| Potion of Lesser Invulnerability | 3 |  | 
| Scroll of Healing | 2 |  | 
| Orb of Lightning | 1 |  | 
                18 total
  
               team 2 (loser) 
              
              
calpants (
purple | 135 APM | 3256 actions | 24:09)
              
 5 Death Knight 
 2 Death Coil
 3 Unholy Aura
 
                » actions 
                
                | Assign group hotkey | 44 |  | 
| Basic commands | 398 |  | 
| Build / train | 70 |  | 
| Enter build submenu | 14 |  | 
| Enter hero's abilities submenu | 5 |  | 
| Give item / drop item | 2 |  | 
| Remove unit from queue | 1 |  | 
| Right click | 2019 |  | 
| Select / deselect | 467 |  | 
| Select group hotkey | 173 |  | 
| Use ability | 63 |  | 
                3256 total
 » units 
                
                | Acolyte | 2 |  | 
| Ghoul | 22 |  | 
| Gargoyle | 20 |  | 
                44 total
 » upgrades
                
                | Creature Attack | 3 |  | 
| Creature Carapace | 2 |  | 
| Stone Form | 1 |  | 
                6 total
 » buildings
                
                | Crypt | 3 |  | 
| Ziggurat | 4 |  | 
| Altar of Darkness | 1 |  | 
| Tomb of Relics | 1 |  | 
| Halls of the Dead | 1 |  | 
| Graveyard | 1 |  | 
| Black Citadel | 4 |  | 
                15 total
 » build order
                00:06 Crypt
00:11 Ziggurat
00:35 Altar of Darkness
00:55 Ziggurat
01:32 Tomb of Relics
01:50 Ziggurat
02:20 Crypt
05:02 Halls of the Dead
07:19 Graveyard
08:05 Crypt
08:13 Ziggurat
12:23 Black Citadel
12:24 Black Citadel
12:24 Black Citadel
» items
                
                | Rod of Necromancy | 1 |  | 
| Boots of Speed | 1 |  | 
| Orb of Corruption | 4 |  | 
| Potion of Healing | 1 |  | 
| Scroll of Healing | 1 |  | 
                8 total
  
               
              
              
Computer(Elite) (
blue | 69 APM | 1680 actions | 24:11)
              
 5 Death Knight 
 3 Death Coil
 2 Unholy Aura
 4 Dreadlord 
 2 Vampiric Aura
 2 Carrion Swarm
 
                » actions 
                
                | Assign group hotkey | 39 |  | 
| Basic commands | 35 |  | 
| Build / train | 64 |  | 
| ESC pressed | 7 |  | 
| Enter build submenu | 20 |  | 
| Enter hero's abilities submenu | 10 |  | 
| Give item / drop item | 3 |  | 
| Right click | 843 |  | 
| Select / deselect | 342 |  | 
| Select group hotkey | 201 |  | 
| Use ability | 116 |  | 
                1680 total
 » units 
                
                | Acolyte | 2 |  | 
| Ghoul | 22 |  | 
| Abomination | 12 |  | 
                36 total
 » upgrades
                
                | Cannibalize | 1 |  | 
| Unholy Strength | 2 |  | 
| Unholy Armor | 1 |  | 
| Disease Cloud | 1 |  | 
                5 total
 » buildings
                
                | Altar of Darkness | 1 |  | 
| Ziggurat | 5 |  | 
| Crypt | 2 |  | 
| Tomb of Relics | 1 |  | 
| Halls of the Dead | 1 |  | 
| Graveyard | 1 |  | 
| Black Citadel | 1 |  | 
| Slaughterhouse | 3 |  | 
| Spirit Tower | 2 |  | 
| Nerubian Tower | 1 |  | 
                18 total
 » build order
                00:19 Altar of Darkness
00:31 Ziggurat
00:39 Crypt
01:14 Crypt
01:32 Tomb of Relics
02:09 Ziggurat
03:57 Ziggurat
05:01 Halls of the Dead
07:19 Graveyard
07:32 Ziggurat
10:34 Black Citadel
10:41 Slaughterhouse
10:43 Slaughterhouse
10:50 Slaughterhouse
13:42 Spirit Tower
13:43 Spirit Tower
13:44 Nerubian Tower
18:20 Ziggurat
» items
                
                | Rod of Necromancy | 1 |  | 
| Dust of Appearance | 1 |  | 
| Scroll of Healing | 2 |  | 
| Potion of Mana | 2 |  | 
| Potion of Healing | 1 |  | 
                7 total
  
                Chat log
          
(02:39 / Allies) ask.me.anything: share
(02:41 / Allies) Kobe-Zen: tiems
(10:07 / All) calpants: boots+unholy 2
(10:10 / All) calpants: and you still catch up
(10:11 / All) calpants: sweet
(11:25 / Allies) Kobe-Zen: get tp chekc expos
(12:36 / Allies) Kobe-Zen: dk
(12:48 / Allies) Kobe-Zen: b
(14:10 / Allies) Kobe-Zen: expoing
(15:00 / All) ask.me.anything: goon game
(16:25 / Allies) Kobe-Zen: turren out
(16:26 / Allies) Kobe-Zen: and expo up
(19:27 / Allies) Kobe-Zen: INVUL POT ON MK
(20:56 / Allies) Kobe-Zen: I  NEED U
(21:08 / Allies) Kobe-Zen: ITEMS
(21:13 / Allies) Kobe-Zen: WOOD ME NOW
(23:35 / All) ask.me.anything: lljk after